 Dungeon Crawl Stone Soup version 0.17-a0-1164-g0ba867e (webtiles) character file.

58 Kisielow the Charmwright (level 4, -1/33 HPs)
             Began as a Merfolk Skald on May 28, 2015.
             Succumbed to an adder's poison
             ... on level 2 of the Dungeon.
             The game lasted 00:03:56 (1751 turns).

Kisielow the Charmwright (Merfolk Skald)            Turns: 1751, Time: 00:03:56

Health: -1/33      AC:  4    Str: 12    XL:     4   Next: 2%
Magic:  4/7        EV: 11    Int: 11    God:
Gold:   35         SH:  0    Dex: 14    Spells: 3 memorised, 1 level left

rFire  . . .     SeeInvis .     a - +0 spear
rCold  . . .     Clarity  .     b - +0 leather armour
rNeg   . . .     SustAt   .     (no shield)
rPois  .         Gourm    .     (no helmet)
rElec  .         Spirit   .     g - +0 cloak
rCorr  .         Warding  .     (no gloves)
rMut   .         Stasis   .     (no boots)
MR     .....                    (no amulet)
Stlth  +.........               (no ring)
                                (no ring)

@: lethally poisoned (-1 -> -20), not resistant to hostile enchantments, very
unstealthy
A: change form in water, swift swim
a: no special abilities


You were on level 2 of the Dungeon.
You were very hungry.

You visited 1 branch of the dungeon, and saw 2 of its levels.

You collected 35 gold pieces.

Inventory:

Hand weapons
 a - a +0 spear (weapon)
Armour
 b - a +0 leather armour (worn)
 g - a +0 cloak (worn)
Scrolls
 e - a scroll of enchant armour {unknown}
 j - a scroll of remove curse {unknown}
 l - a scroll of identify {unknown}
Potions
 f - a potion of cancellation {unknown}
Books
 c - a book of Battle

   Spells                             Type                      Level
   a - Infusion                       Charms                       1
   b - Shroud of Golubria             Charms/Translocation         2
   c - Song of Slaying                Charms                       2
   d - Spectral Weapon                Hexes/Charms                 3
   e - Regeneration                   Charms/Necromancy            3
Comestibles
 d - a bread ration
 h - a royal jelly
 i - a beef jerky
 k - a chunk of flesh


   Skills:
 - Level 2.1 Fighting
 - Level 3.0 Polearms
 - Level 0.6 Armour
 - Level 1.3 Dodging
 - Level 2.0 Spellcasting
 + Level 5.2 Charms


You had one spell level left.
You knew the following spells:

 Your Spells              Type           Power        Failure   Level  Hunger
e - Regeneration          Chrm/Necr      #.........   38%         3    ####...
q - Infusion              Chrm           ##....       6%          1    ##.....
w - Shroud of Golubria    Chrm/Tloc      #.........   21%         2    ###....


Dungeon Overview and Level Annotations

Branches:
Dungeon (2/15)

Altars:


Message History

Your skin crawls.
You are feeling very hungry.
Your skin is crawling a little less now.
You feel sick. The adder bites you.
* * * LOW HITPOINT WARNING * * *
You are lethally poisoned!
The adder poisons you!
You closely miss the adder.
The adder is almost dead.
* * * LOW HITPOINT WARNING * * *
You feel sick. The adder bites you but does no damage.
* * * LOW HITPOINT WARNING * * *
You feel sick.
You are too injured to fight recklessly!
* * * LOW HITPOINT WARNING * * *
You feel sick. The adder barely misses you.
* * * LOW HITPOINT WARNING * * *
You feel sick.
Your skin stops crawling.
You die...

+### #.####
....###+#+#...#
........รท..#.#
...........#.#
##........# #
#........# #........#
#################'#####
.........S.@......#
###################


You could see an adder.

Vanquished Creatures
  2 adders (D:2)
  A worm (D:2)
  3 giant geckos (D:1)
  3 goblins
  4 hobgoblins (D:1)
  3 jackals (D:1)
  6 bats
  2 giant cockroaches (D:1)
  4 giant newts
  4 kobolds (D:1)
  5 rats (D:1)
37 creatures vanquished.

Notes
Turn   | Place    | Note
--------------------------------------------------------------
     0 | D:1      | Kisielow the Merfolk Skald began the quest for the Orb.
     0 | D:1      | Reached XP level 1. HP: 16/16 MP: 3/3
   308 | D:1      | Reached XP level 2. HP: 13/22 MP: 0/5
   319 | D:1      | Reached skill level 4 in Charms
   331 | D:1      | Learned a level 2 spell: Shroud of Golubria
   948 | D:1      | Reached XP level 3. HP: 15/27 MP: 3/6
  1123 | D:1      | Learned a level 3 spell: Regeneration
  1534 | D:2      | Reached skill level 5 in Charms
  1569 | D:2      | Reached XP level 4. HP: 20/33 MP: 5/7
  1748 | D:2      | HP: 1/33 [poisoned by an adder]
  1751 | D:2      | Succumbed to an adder's poison

Vault maps used:
D:1:      lemuel_arrival_cross, kennysheep_minor_cross
D:2:      first_bread, roderic_lattice_a, grunt_ministairs_2,
          lemuel_old_faithful, uniq_iyjb, uniq_robin

Action                   |  1- 3 |  4- 6 || total
-------------------------+-------+-------++-------
Melee: Spear             |   137 |    17 ||   154
 Cast: Infusion          |     5 |       ||     5
       Shroud of Golubri |     7 |     1 ||     8
       Regeneration      |       |     1 ||     1
 Stab: Sleeping          |     1 |       ||     1
  Eat: Chunk             |     3 |       ||     3
